 Dungeon Crawl Stone Soup version 0.27.1-1-g398f81649c (webtiles) character file.

Game seed: 14190819665371175615

206 phibes the Grave Robber (level 5, 0/35 HPs)
             Began as a Mummy Necromancer on Sept 5, 2021.
             Slain by an ogre (16 damage)
             ... on level 3 of the Dungeon on Sept 8, 2021.
             The game lasted 02:16:47 (4878 turns).

phibes the Grave Robber (Mummy Necromancer)         Turns: 4878, Time: 02:16:48

Health: 0/35       AC:  4    Str: 11    XL:     5   Next: 53%
Magic:  9/12       EV: 11    Int: 15    God:
Gold:   155        SH:  0    Dex: 13    Spells: 11/13 levels left

rFire    x . .     SeeInvis .   (no weapon)
rCold    + . .     Faith    .   (no shield)
rNeg     + + +     Spirit   .   f - +0 leather armour
rPois    ∞         Reflect  .   O - +0 helmet
rElec    .         Harm     .   (no cloak)
rCorr    .         Rampage  .   (no gloves)
Will     .....                  (no boots)
Stlth    ++........             (no amulet)
HPRegen  0.11/turn              (no ring)
MPRegen  0.13/turn              (no ring)

@: no status effects
A: cold resistance 1, negative energy resistance 3, torment resistance 2, heat
vulnerability 1, no potions
a: no special abilities


You were on level 3 of the Dungeon.
You visited 1 branch of the dungeon, and saw 4 of its levels.

You collected 155 gold pieces.

Inventory:

Hand Weapons
 c - a +0 whip
 g - a +0 dagger
 j - a +0 club
 l - a +0 short sword
 n - a +0 short sword of venom
 y - a +0 club
 z - a +0 dagger
 A - a +0 hunting sling
 D - a +0 hand axe
 F - a +0 mace
 J - a +0 dagger
 K - a +0 short sword
 M - a +0 short sword
 P - a +0 club
 Q - a +0 dagger
 R - a +0 dagger
 U - a +0 short sword
 V - a +0 club
 X - a +0 trident
 Z - a +0 short sword
Missiles
 b - 4 large rocks
 d - 45 arrows
 e - 94 stones
 k - 4 javelins
Armour
 a - a +0 robe
 f - a +0 leather armour (worn)
 v - a +0 leather armour
 w - a +0 leather armour
 N - a +0 animal skin
 O - a +0 helmet (worn)
 T - a +0 ring mail
 W - a +0 chain mail
 Y - a +0 scale mail
Jewellery
 i - a ring of willpower
 o - an amulet of regeneration
Scrolls
 h - a scroll of brand weapon {unknown}
 p - a scroll of magic mapping {unknown}
 q - 2 scrolls of blinking {unknown}
 r - a scroll of acquirement {unknown}
 s - a scroll of amnesia {unknown}
 t - a scroll of noise {unknown}
 B - 3 scrolls of immolation {unknown}
 C - 2 scrolls of teleportation {unknown}
 E - a scroll of fog {unknown}
Potions
 m - 2 potions of brilliance {unknown}
 u - a potion of haste {unknown}
 x - 3 potions of might {unknown}
 G - a potion of degeneration {unknown}
 I - 2 potions of curing {unknown}


   Skills:
 + Level 1.5 Armour
 + Level 1.6 Dodging
 * Level 2.3 Stealth
 + Level 4.7 Spellcasting
 + Level 5.1 Necromancy


You had 11 spell levels left.
You knew the following spells:

 Your Spells              Type           Power      Damage    Failure   Level
a - Pain                  Necr           76%        1d7       2%          1
b - Animate Skeleton      Necr           38%        N/A       2%          1

Your spell library contained the following spells:

 Spells                   Type           Power      Damage    Failure   Level
 Vampiric Draining        Necr           9%         2d7       8%          3
 Animate Dead             Necr           9%         N/A       26%         4
 Agony                    Necr           19%        N/A       58%         5


Dungeon Overview and Level Annotations

Branches:
Dungeon (4/15)
 Temple: D:4-7

Altars:

Annotations:
D:3 1 runed translucent door, Crazy Yiuf


Innate Abilities, Weirdness & Mutations

You are immune to poison.
Your flesh is cold resistant. (rC+)
You are immune to negative energy. (rN+++)
You are immune to unholy pain and torment.
You are vulnerable to heat. (rF-)
You do not drink.


Message History

Casting: Pain (safe; 2% risk of failure)
Confirm with . or Enter, or press ? or * to list all spells.
Aiming: Pain (safe; 2% risk of failure)
Press: ? - help, Shift-Dir - straight line, f/p - ogre
Aim: an ogre, wielding a +0 giant club (lightly wounded, chance to affect: 78%)
The ogre writhes in agony.
Casting: Pain (safe; 2% risk of failure)
Confirm with . or Enter, or press ? or * to list all spells.
Aiming: Pain (safe; 2% risk of failure)
Press: ? - help, Shift-Dir - straight line, f/p - ogre
Aim: an ogre, wielding a +0 giant club (lightly wounded, chance to affect: 78%)
The ogre writhes in agony.
There is a stone staircase leading up here.
Casting: Pain (safe; 2% risk of failure)
Confirm with . or Enter, or press ? or * to list all spells.
Aiming: Pain (safe; 2% risk of failure)
Press: ? - help, Shift-Dir - straight line, f/p - ogre
Aim: an ogre, wielding a +0 giant club (moderately wounded, chance to affect: 78%)
The ogre barely resists.
The ogre barely misses you.
Casting: Pain (safe; 2% risk of failure)
Confirm with . or Enter, or press ? or * to list all spells.
Aiming: Pain (safe; 2% risk of failure)
Press: ? - help, Shift-Dir - straight line, f/p - ogre
Aim: an ogre, wielding a +0 giant club (moderately wounded, chance to affect: 78%)
The ogre barely resists.
Casting: Pain (safe; 2% risk of failure)
Confirm with . or Enter, or press ? or * to list all spells.
Aiming: Pain (safe; 2% risk of failure)
Press: ? - help, Shift-Dir - straight line, f/p - ogre
Aim: an ogre, wielding a +0 giant club (moderately wounded, chance to affect: 78%)
The ogre barely resists.
The ogre hits you with a +0 giant club!!
Ouch! That really hurt!
You climb upwards.
Level annotation: 1 runed translucent door, Crazy Yiuf
There is a stone staircase leading down here.
Things that are here:
a +0 robe; a +0 dagger The ogre hits you with a +0 giant club!
You die...

#..######...# ##.# #.#
#...........# #.## #..
#.########..# ##.## #'#
#...........# #...## #..
######.#...####..# #....# #..
#.....>...#####.#### #....# #..
#........###.......###'..'####..
#........# #....[...............
#........###...@O.....#.........
#.............).......#.........
#######...............#.........
#.........#######.........
#.........# ###........>.
#.........####............
#.........##............##
#.........''..........####
#.........##.......##.# #


You could see an ogre.

Vanquished Creatures
  A hound (D:4)
  An orc wizard (D:3)
  Robin (D:3)
  5 adders
  A worm (D:3)
  3 dart slugs
  4 orcs (D:3)
  10 ball pythons
  6 endoplasms
  A giant cockroach (D:3)
  5 goblins
  11 hobgoblins
  8 kobolds
  4 quokkas
  6 bats
  6 rats
73 creatures vanquished.

Vanquished Creatures (collateral kills)
  4 goblins (D:3)
  A kobold (D:3)
  2 frilled lizards (D:3)
  A rat (D:1)
8 creatures vanquished.

Grand Total: 81 creatures vanquished

Notes
Turn   | Place    | Note
-------+----------+-------------------------------------------
     0 | D:1      | phibes the Mummy Necromancer began the quest for the Orb.
     0 | D:1      | Reached XP level 1. HP: 13/13 MP: 4/4
   193 | D:1      | You fall into a shaft and drop 1 floor!
   449 | D:2      | Reached XP level 2. HP: 19/19 MP: 1/6
   819 | D:2      | Learned a level 1 spell: Animate Skeleton
  1098 | D:2      | Reached skill level 1 in Armour
  1144 | D:2      | Reached XP level 3. HP: 22/24 MP: 3/7
  2131 | D:1      | Found a faded altar of an unknown god.
  2838 | D:3      | Reached XP level 4. HP: 30/30 MP: 7/9
  3283 | D:3      | Noticed an ogre
  3314 | D:3      | Noticed Robin
  3334 | D:3      | Killed Robin
  3610 | D:3      | Noticed a scorpion
  4260 | D:3      | Reached skill level 5 in Necromancy
  4260 | D:3      | Reached XP level 5. HP: 35/35 MP: 7/11
  4316 | D:3      | Found a runed translucent door.
  4317 | D:3      | Noticed Crazy Yiuf
  4850 | D:4      | Noticed an ogre
  4850 | D:4      | Noticed an ogre
  4878 | D:3      | Slain by an ogre

Illustrated notes

Levels and vault maps discovered:
D:1:      shiori_shiawase, layout_loops_ring,
          hellmonk_ecumenical_altar_leap_of_faith
D:2:      layout_loops_ring
D:3:      minmay_angry_zag, layout_basic, minmay_misc_feat_more_columns,
          uniq_crazy_yiuf_cottage, uniq_robin
D:4:      layout_cave_pools, wad_orctagon

Skill      XL: |  1  2  3  4 |
---------------+-------------+-----
Spellcasting   | 3 4 |  4.7
Armour         | 1 |  1.5
Stealth        | 2 |  2.3
Necromancy     | 5 |  5.1
Dodging        | |  1.6

Action                   |  1- 3 |  4- 6 || total
-------------------------+-------+-------++-------
 Cast: Pain              |    97 |    82 ||   179
       Animate Skeleton  |    15 |    17 ||    32
Armor: Leather armour    |     7 |     7 ||    14
Dodge: Dodged            |    26 |    10 ||    36
